 Dungeon Sprint DCSS version 0.21.1-1-g345015f (webtiles) character file.

1467 Fang the Fighter (level 8, -14/111 HPs)
             Began as a Demonspawn Berserker on Apr 16, 2018.
             Was a Priest of Trog.
             Demolished by a death cob (18 damage)
             ... in the Dungeon (Sprint V: "Ziggurat Sprint") on Apr 17, 2018.
             The game lasted 00:05:05 (227 turns).

Fang the Fighter (Demonspawn Berserker)              Turns: 227, Time: 00:05:06

Health: -14/111    AC: 18    Str: 30    XL:     8   Next: 48%
Magic:  8/8        EV:  7    Int:  9    God:    Trog [***...]
Gold:   0          SH: 19    Dex: 13    Spells: 7/7 levels left

rFire    . . .     SeeInvis .   G - +5 demon trident
rCold    . . .     Gourm    .   D - +3 large shield
rNeg     . . .     Faith    .   E - +5 shadow dragon scales
rPois    .         Spirit   .   (helmet restricted)
rElec    .         Reflect  .   (no cloak)
rCorr    .         Harm     .   (no gloves)
MR       .....     NoTele   +   (no boots)
Stlth    ..........             (no amulet)
HPRegen  0.28/turn              z - ring of flight
MPRegen  0.11/turn              y - +6 ring of strength

@: berserking (expiring), slowed
A: horns 2, rugged brown scales 1, nightstalker 2
a: Berserk, Trog's Hand, Burn Spellbooks, Renounce Religion, Evoke Flight


You were in the Dungeon.
You worshipped Trog.
Trog was most pleased with you.
You were hungry.

You visited 1 branch

Inventory:

Hand Weapons
 F - a +5 executioner's axe
 G - a +5 demon trident (weapon)
Armour
 D - a +3 large shield (worn)
 E - +5 shadow dragon scales (worn)
Jewellery
 u - the ring "Saablex" {Slay+3 SInv}
   (You found it in the Dungeon)

   [ring of see invisible]

   It affects your accuracy and damage with ranged weapons and melee attacks
   (+3).
   It lets you see invisible.
 y - a +6 ring of strength (right hand)
 z - a ring of flight (left hand)
Wands
 A - a wand of disintegration (7)
 B - a wand of iceblast (7)
 C - a wand of acid (7)
Scrolls
 i - 4 scrolls of blinking
 p - 7 scrolls of fog
 q - 5 scrolls of identify
 r - 5 scrolls of remove curse
 s - 2 scrolls of fear
Potions
 d - 10 potions of curing
 e - 10 potions of heal wounds
 f - 6 potions of haste
 g - 7 potions of magic
 h - 3 potions of berserk rage
 j - 2 potions of brilliance
 k - 2 potions of invisibility
 l - 4 potions of resistance
 n - 5 potions of agility
 o - 5 potions of might
Miscellaneous
 b - a box of beasts
 t - a lamp of fire
Comestibles
 a - 11 chunks of flesh
 c - 7 rations


   Skills:
 + Level 10.1 Fighting
 + Level 9.2(10.2) Axes
 + Level 6.9(9.1) Polearms
 + Level 5.1 Armour
 + Level 5.5 Dodging
 + Level 2.6 Stealth
 + Level 3.3 Shields


You had 7 spell levels left.
You didn't know any spells.

Dungeon Overview and Level Annotations

Branches:
Dungeon (1/1)

Altars:
Ashenzari
Cheibriados
Dithmenos
Elyvilon
Fedhas
Gozag
Hepliaklqana
Kikubaaqudgha
Makhleb
Nemelex Xobeh
Okawaru
Qazlal
Ru
Sif Muna
Trog
Uskayaw
Vehumet
Wu Jian
Xom
Yredelemnul
Zin
The Shining One
Beogh
Jiyva
Lugonu

Annotations:
D 1 transporter


Innate Abilities, Weirdness & Mutations

You have a pair of horns on your head.
You are partially covered in rugged brown scales. (AC +1, +3% HP)
You are significantly more attuned to the shadows.


Message History

The death cob hits you!
* * * LOW HITPOINT WARNING * * *
The death cob drains your vigour!
You feel as though you will be slow longer.
You block the draconian's attack.
You are too injured to fight recklessly!
Unknown command.
You are too injured to fight recklessly!
You hit the draconian.
The draconian is heavily wounded.
You block the death cob's attack. The draconian hits you with a dagger.
* * * LOW HITPOINT WARNING * * *
The death cob hits you!
* * * LOW HITPOINT WARNING * * *
The draconian hits you but does no damage. x2
You closely miss the draconian. Your headbutt misses the draconian.
The draconian is heavily wounded.
The death cob hits you but does no damage. x2
You block the draconian's attack. x2; The death cob hits you!!
You die...

▓.....▓.....▓..©..▓
▓..©..▓..©..▓▓▓▓▓▓▓
▓▓▓▓▓▓▓▓▓▓▓▓▓
▓..8©8...▓
▓..="!...▓
▓...=....▓
▓........▓
▓...zd...▓
▓.▓d@d.▓.▓
▓...©....▓
▓▓▓▓▓▓▓▓▓▓


You could see a death cob and 3 draconians.

Vanquished Creatures
  3 polar bears (D)
  A necrophage (D)
  2 orc priests (D)
  A white imp (D)
  A bat zombie (D)
  A leopard gecko skeleton (D)
9 creatures vanquished.

Notes
Turn   | Place    | Note
-------+----------+-------------------------------------------
     0 | D        | Found the +6 Majin-Bo {vamp, Archmagi MP+6 Int+6}
     0 | D        | Fang the Demonspawn Berserker began the quest for the Orb.
     0 | D        | Reached XP level 1. HP: 18/18 MP: 1/1
     0 | D        | Found a deep blue altar of Sif Muna.
     0 | D        | Found a bloodstained altar of Trog.
     0 | D        | Found a sacrificial altar of Ru.
     0 | D        | Found a stormy altar of Qazlal.
     0 | D        | Found an iron altar of Okawaru.
     1 | D        | Found a sparkling altar of Nemelex Xobeh.
     1 | D        | Found a blossoming altar of Fedhas.
     3 | D        | Found a transporter.
     3 | D        | Found an ancient bone altar of Kikubaaqudgha.
     3 | D        | Found a viscous altar of Jiyva.
     3 | D        | Found a corrupted altar of Lugonu.
     3 | D        | Found a hazy altar of Hepliaklqana.
     3 | D        | Found a burning altar of Makhleb.
     3 | D        | Found an opulent altar of Gozag.
    89 | D        | Entered arena 2.
    89 | D        | Noticed an orc priest
    89 | D        | Noticed an orc priest
    89 | D        | Found a transporter.
    91 | D        | Killed an orc priest
    91 | D        | Reached skill level 4 in Fighting
    91 | D        | Gained mutation: You have a pair of small horns on your head. [demonic ancestry]
    91 | D        | Reached XP level 2. HP: 26/26 MP: 2/2
    92 | D        | Reached skill level 5 in Fighting
    92 | D        | Reached skill level 5 in Axes
    92 | D        | Gained mutation: You are partially covered in rugged brown scales. (AC +1, +3% HP) [demonic ancestry]
    92 | D        | Reached XP level 3. HP: 33/33 MP: 3/3
   142 | D        | Entered arena 3.
   142 | D        | Noticed a necrophage
   142 | D        | Found a transporter.
   143 | D        | Reached ** piety under Trog
   154 | D        | Killed a necrophage
   154 | D        | Reached skill level 6 in Fighting
   154 | D        | Reached skill level 1 in Polearms
   154 | D        | Reached XP level 4. HP: 41/42 MP: 4/4
   154 | D        | Gained mutation: You are slightly more attuned to the shadows. [demonic ancestry]
   154 | D        | Reached XP level 5. HP: 47/48 MP: 5/5
   171 | D        | Entered arena 4.
   171 | D        | Noticed a polar bear
   171 | D        | Noticed a polar bear
   171 | D        | Noticed a polar bear
   171 | D        | Found a transporter.
   175 | D        | Killed a polar bear
   175 | D        | Reached *** piety under Trog
   175 | D        | Reached skill level 8 in Fighting
   175 | D        | Reached skill level 1 in Shields
   175 | D        | Gained mutation: You have a pair of horns on your head. [demonic ancestry]
   175 | D        | Reached XP level 6. HP: 58/58 MP: 6/6
   178 | D        | Killed a polar bear
   178 | D        | Reached skill level 9 in Fighting
   178 | D        | Reached skill level 5 in Polearms
   178 | D        | Reached XP level 7. HP: 65/65 MP: 7/7
   182 | D        | Killed a polar bear
   182 | D        | Reached skill level 5 in Armour
   195 | D        | Got the ring "Saablex" {Slay+3 SInv}
   200 | D        | Reached skill level 10 in Fighting
   200 | D        | Reached skill level 5 in Dodging
   200 | D        | Gained mutation: You are significantly more attuned to the shadows. [demonic ancestry]
   200 | D        | Reached XP level 8. HP: 74/74 MP: 8/8
   218 | D        | Entered arena 5.
   218 | D        | Noticed a draconian
   218 | D        | Noticed a draconian
   218 | D        | Noticed a draconian
   218 | D        | Noticed a death cob
   219 | D        | Found the brooch of Shielding {Reflect SH+8}
   219 | D        | Found a transporter.
   226 | D        | HP: 4/111 [death cob (11)]
   227 | D        | Demolished by a death cob

Skill      XL: |  1  2  3  4  5  6  7 |
---------------+----------------------+-----
Fighting       | 4 5 6 8 9 10 | 10.1
Axes           | 4 5 6 7 8 9 |  9.2
Armour         | 2 3 4 5 |  5.1
Dodging        | 2 3 4 5 |  5.5
Polearms       | 1 4 5 6 |  6.9
Shields        | 1 3 |  3.3
Stealth        | 2 |  2.6

Action                   |  1- 3 |  4- 6 |  7- 9 || total
-------------------------+-------+-------+-------++-------
Melee: Demon trident     |    13 |     7 |    13 ||    33
       Headbutt          |     1 |     1 |       ||     2
Invok: Berserk           |     1 |     1 |     1 ||     3
  Use: Potion            |       |       |     1 ||     1
Armor: Shadow dragon sca |     9 |     1 |    10 ||    20
Dodge: Dodged            |     2 |       |     3 ||     5
Block: Large shield      |     7 |     4 |    21 ||    32
